 Dungeon Crawl Stone Soup version 0.29-a0-559-g359e09b9d1 (webtiles) character file.

Game seed: 11963600557408071281

2 DocClef the Covert (level 1, 0/23 HPs)
             Began as a Gnoll Delver on June 10, 2022.
             Slain by a bat (1 damage)
             ... summoned by Eustachio
             ... on level 5 of the Dungeon.
             The game lasted 00:00:14 (76 turns).

DocClef the Covert (Gnoll Delver)                     Turns: 76, Time: 00:00:14

Health: 0/23       AC:  4    Str: 11      XL:     1   Next: 30%
Magic:  1/1        EV: 12    Int:  9      God:
Gold:   25         SH:  0    Dex: 12 (13) Spells: 0/0 levels left

rFire   . . .      SeeInvis .   a - +0 short sword
rCold   . . .      Faith    .   (no shield)
rNeg    . . .      Spirit   .   b - +0 leather armour
rPois   .          Reflect  .   (no helmet)
rElec   .          Harm     .   j - +0 cloak
rCorr   .          Rampage  .   (no gloves)
Will    .....                   (no boots)
Stlth   ++++......              (no amulet)
HPRegen 0.07/turn               (no ring)
MPRegen 0.07/turn               (no ring)

@: no status effects
A: fangs 1, strong nose, distributed training
a: no special abilities


You were on level 5 of the Dungeon.
You visited 1 branch of the dungeon, and saw 1 of its levels.

You collected 25 gold pieces.

Inventory:

Hand Weapons
 a - a +0 short sword (weapon)
Armour
 b - a +0 leather armour (worn)
 j - a +0 cloak (worn)
Wands
 g - a wand of digging (3)
Scrolls
 c - a scroll of fog
 d - a scroll of magic mapping
 e - a scroll of fear
 i - a scroll of brand weapon {unknown}
Potions
 f - a potion of haste
 h - 2 potions of curing {unknown}


   Skills:
 + Level 6.4 Fighting
 + Level 4.4 Short Blades
 + Level 0.0 Long Blades
 + Level 0.0 Axes
 + Level 0.0 Maces & Flails
 + Level 0.0 Polearms
 + Level 0.0 Staves
 + Level 0.0 Slings
 + Level 0.0 Bows
 + Level 0.0 Crossbows
 + Level 0.0 Throwing
 + Level 0.0 Armour
 + Level 4.4 Dodging
 + Level 9.5 Stealth
 + Level 0.0 Shields
 + Level 0.0 Unarmed Combat
 + Level 0.0 Spellcasting
 + Level 0.0 Conjurations
 + Level 0.0 Hexes
 + Level 0.0 Summonings
 + Level 0.0 Necromancy
 + Level 0.0 Translocations
 + Level 0.0 Transmutations
 + Level 0.0 Fire Magic
 + Level 0.0 Ice Magic
 + Level 0.0 Air Magic
 + Level 0.0 Earth Magic
 + Level 0.0 Poison Magic
 + Level 0.1 Invocations
 + Level 0.0 Evocations


You couldn't memorise any spells.
You didn't know any spells.
Your spell library was empty.

Dungeon Overview and Level Annotations

Branches:
Dungeon (5/15)
 Temple: D:4-7

Altars:

Annotations:
D:5 Eustachio


Innate Abilities, Weirdness & Mutations

You have very sharp teeth.
Your uncanny sense of smell can sniff out nearby items.
Your experience applies equally to all skills.


Message History

The quokka barely misses you.
You closely miss Eustachio.
Eustachio is almost dead.
The bat hits you but does no damage. The bat closely misses you.
The rat barely misses you.
The quokka bites you but does no damage.
Eustachio barely misses you.
Unknown command.
You closely miss Eustachio. Your bite misses Eustachio.
Eustachio is almost dead.
The bat barely misses you. The rat closely misses you. The quokka bites you.
Eustachio hits you with a +0 falchion.
You closely miss Eustachio. You bite Eustachio, but do no damage.
Eustachio is almost dead.
The quasit closely misses you. The quasit claws you.
* * * LOW HITPOINT WARNING * * *
The quasit claws you but does no damage.
The quasit barely misses you.
The quasit claws you but does no damage.
The quasit claws you.
* * * LOW HITPOINT WARNING * * *
You feel clumsy. The rat misses you. The bat closely misses you.
The quokka barely misses you.
You hit Eustachio but do no damage.
Eustachio is almost dead.
The bat completely misses you.
The quasit bites you but does no damage.
The quasit claws you.
* * * LOW HITPOINT WARNING * * *
The quasit barely misses you.
The quasit bites you but does no damage.
The quasit misses you. x2
Eustachio gestures wildly while chanting.
The quokka bites you.
* * * LOW HITPOINT WARNING * * *
The rat bites you but does no damage.
You hit Eustachio but do no damage.
Eustachio is almost dead.
The bat hits you.
You die...

. #..#.### #<.#......
####..#.....#
.....S.....#
#...#...5.##.. ## ##
#.....b..... .###.##
#..rr@.###.. .##...##
# #.5@5......
.......##
#.##..b#######
........# #.....?#
.#.....## ####...#
........# #.?.#
<##..##.# #...#
......#.######...#####
.####.#...............
.# ##.#............!.g


You could see Eustachio, 2 quasits, an adder (asleep), a shadow imp (summoned),
a quokka (summoned), 2 bats and a rat (summoned).

Vanquished Creatures
  An orc (D:5)
1 creature vanquished.

Notes
Turn   | Place    | Note
-------+----------+-------------------------------------------
     0 | D:5      | Reached skill level 9 in Stealth
     0 | D:5      | DocClef the Gnoll Delver began the quest for the Orb.
     0 | D:5      | Reached XP level 1. HP: 23/23 MP: 1/1
    58 | D:5      | Noticed Eustachio
    72 | D:5      | Noticed a quasit
    72 | D:5      | Noticed a quasit
    75 | D:5      | HP: 1/23 [quokka[Eustachio] (1)]
    76 | D:5      | Slain by a bat

Illustrated notes

Levels and vault maps discovered:
D:5:      layout_loops_cross, chei_slow_surprise, dk_vineyard_1, uniq_eustachio

Skill      XL: | |
---------------+-+-----
Stealth        | |  9.5
Fighting       | |  6.4
Short Blades   | |  4.4
Dodging        | |  4.4
Invocations    | |  0.1

Action                   || total
-------------------------++-------
Melee: Short sword       ||    11
       Bite              ||     1
 Stab: Sleeping          ||     2
Armor: Leather armour    ||     8
Dodge: Dodged            ||    20

Table legend: (Time is in decaauts)
 A = Elapsed time spent in this place.
 B = Non-inter-level travel time spent in this place.
 C = Inter-level travel time spent in this place.
 D = Time resting spent in this place.
 E = Time spent auto-exploring this place.
 F = Levels seen in this place.
 G = Mean time per level.
                   A        B        C        D        E       F      G
               +--------+--------+--------+--------+--------+-----+--------+
         Total |     74 |     74 |      0 |      0 |     30 |   1 |   74.0 |
       Dungeon |     74 |     74 |      0 |      0 |     30 |   1 |   74.0 |
               +--------+--------+--------+--------+--------+-----+--------+

Top non-repeatable levels by time:
     D:5: 74 daAuts
